 Dungeon Crawl Stone Soup version 0.31-a0-982-g1816016f30 (webtiles) character file.

Game seed: 2052892590930417701

39 BinkBink the Changeling (level 3, 0/27 HPs)
             Began as a Merfolk Shapeshifter on Nov 2, 2023.
             Slain by Terence
             ... wielding a +0 antimagic mace
              (6 damage)
             ... on level 2 of the Dungeon.
             The game lasted 00:01:50 (1441 turns).

BinkBink the Changeling (Merfolk Shapeshifter)      Turns: 1441, Time: 00:01:50

Health: 0/27       AC:  2    Str: 16    XL:     3   Next: 45%
Magic:  1/3        EV: 13    Int:  9    God:
Gold:   169        SH:  0    Dex: 13    Spells: 2/2 levels left

rFire   . .          .
                       - Unarmed
rCold   . . .        (no shield)
rNeg    . . .        a - +0 animal skin
rPois   .            (helmet currently unavailable)
rElec   .            (cloak currently unavailable)
rCorr   .            (gloves currently unavailable)
SInv    .            (boots currently unavailable)
Will    .....        (no amulet)
Stlth   +            (no ring)
HPRegen 0.24/turn    (no ring)
MPRegen 0.08/turn

%: no passive effects
@: beast-form
A: beast (slay +2), (nimble swimmer 2), mertail
a: Begin Untransformation


You were on level 2 of the Dungeon.
You were a hulking beast.
You visited 1 branch of the dungeon, and saw 2 of its levels.

You collected 169 gold pieces.

Inventory:

Armour
 a - a +0 animal skin (worn)
Jewellery
 n - a ring of willpower
Talismans
 c - a beast talisman (active)
 d - a flux talisman
Scrolls
 e - 4 scrolls of identify {unknown}
 j - a scroll of brand weapon {unknown}
 k - a scroll of fog {unknown}
 l - a scroll of revelation {unknown}
Potions
 b - 2 potions of lignification
 f - 3 potions of heal wounds {unknown}
 g - 3 potions of curing {unknown}
 h - a potion of attraction {unknown}
 i - a potion of brilliance {unknown}
 m - a potion of invisibility {unknown}


   Skills:
 + Level 2.0 Fighting
 + Level 3.4 Dodging
 + Level 3.7 Unarmed Combat
 + Level 4.4 Shapeshifting


You had 2 spell levels left.
You didn't know any spells.
Your spell library contained the following spells:

 Spells                   Type           Power      Damage    Failure   Level
 Shock                    Conj/Air       0%         1d3       38%         1
 Swiftness                Air            0%         N/A       77%         3
 Airstrike                Air            0%         2d(0-16)  99%         4


Dungeon Overview and Level Annotations

Branches:
Dungeon (2/15)

Altars:

Shops:
D:2 (

Annotations:
D:2 Terence


Innate Abilities, Weirdness & Mutations

You are a hulking beast.
Your limbs bulge with bestial killing power. (Slay +2)
((You are very nimble when in or above water. (Stealth+, EV+, Speed+++)))
Your lower body shifts to a powerful aquatic tail in water.


Message History

Terence is moderately wounded.
Terence completely misses you.
You hit Terence but do no damage.
Terence is moderately wounded.
Terence misses you.
You hit Terence but do no damage.
Terence is moderately wounded.
You barely miss Terence. You punch Terence, but do no damage.
Terence is moderately wounded.
Terence hits you with a +0 antimagic mace.
You punch Terence!
Terence is severely wounded.
Terence hits you with a +0 antimagic mace.
You hit Terence.
Terence is severely wounded.
Terence says, "How do you enjoy it?" Terence barely misses you.
You closely miss Terence.
Terence is severely wounded.
Terence barely misses you.
You closely miss Terence.
Terence is severely wounded.
Terence misses you.
You barely miss Terence.
Terence is severely wounded.
Terence misses you.
You hit Terence but do no damage.
Terence is severely wounded.
Terence hits you with a +0 antimagic mace.
* * * LOW HITPOINT WARNING * * *
You hit Terence. You punch Terence, but do no damage.
Terence is almost dead.
Terence completely misses you.
You closely miss Terence.
Terence is almost dead.
Terence misses you.
You hit Terence but do no damage.
Terence is almost dead.
Terence hits you with a +0 antimagic mace.
You die...

#.####################.####
#.# #.....# #.# #..#.##
#'####### #..#.# .........
#..#.# ......... #..#.#
......... #..#.#
..........###########..#.##
...........$...@h...#..#<.#
..........#########.#.....#
......... ...........#.##
......... #######.#..#.#
.>...... ........#..#.#
####### ############.# ..#
###


You could see Terence.

Vanquished Creatures
  An endoplasm (D:2)
  4 giant cockroaches
  4 goblins
  6 hobgoblins
  2 jackals (D:2)
  3 quokkas (D:1)
  2 ball pythons (D:2)
  6 bats
  A frilled lizard (D:1)
  2 kobolds (D:1)
  4 rats
35 creatures vanquished.

Notes
Turn   | Place    | Note
-------+----------+-------------------------------------------
     0 | D:1      | BinkBink the Merfolk Shapeshifter began the quest for the
                  | Orb.
     0 | D:1      | Reached XP level 1. HP: 15/15 MP: 1/1
   218 | D:1      | Reached XP level 2. HP: 13/21 MP: 2/2
   904 | D:2      | Reached XP level 3. HP: 25/27 MP: 3/3
   982 | D:2      | Found Taqiquim's Antique Weapon Shop.
  1422 | D:2      | Noticed Terence
  1441 | D:2      | Slain by Terence

Illustrated notes

Levels and vault maps discovered:
D:1:      dpeg_arrival_circle_labyrinth_c, layout_basic,
          minmay_misc_feat_secret_circle, minivault_26, kennysheep_flooded_box,
          serial_bayou_pond_e, minmay_pentomino_o4
D:2:      minmay_general_purpose_star, layout_basic, serial_shops, shop,
          uniq_terence

Skill      XL: |  1  2  3 |
---------------+----------+-----
Dodging        | 3 |  3.4
Fighting       | 2 |  2.0
Unarmed Combat | |  3.7
Shapeshifting  | |  4.4

Action                     || total
---------------------------++-------
  Melee: Unarmed           ||   124
         Punch             ||     2
   Stab: Sleeping          ||     1
 Armour: Animal skin       ||    59
  Dodge: Dodged            ||    84
   Form: Beast             ||     1

Table legend: (Time is in decaauts)
 A = Elapsed time spent in this place.
 B = Non-inter-level travel time spent in this place.
 C = Inter-level travel time spent in this place.
 D = Time resting spent in this place.
 E = Time spent auto-exploring this place.
 F = Levels seen in this place.
 G = Mean time per level.
                   A        B        C        D        E       F      G
               +--------+--------+--------+--------+--------+-----+--------+
         Total |   1430 |   1381 |     49 |     50 |   1022 |   2 |  715.0 |
       Dungeon |   1430 |   1381 |     49 |     50 |   1022 |   2 |  715.0 |
               +--------+--------+--------+--------+--------+-----+--------+

Top non-repeatable levels by time:
     D:1: 841 daAuts
     D:2: 588 daAuts
